[Event "Titled Tuesday Blitz October 11 Early 2022"]
[White "Munkhgal, Gombosuren"]
[Black "Ohanyan, Emin"]
[WhiteFideId "4901266"]
[BlackFideId "13312022"]
[WhiteElo "2576"]
[BlackElo "2302"]
[Result "1-0"]
[Round "08"]
[TimeControl "180+1"]
[Date "2022.10.11"]
[WhiteClock "0:00:38"]
[BlackClock "0:00:01"]

1. d4 d5 2. Bf4 Nf6 3. e3 Bg4 4. f3 Bf5 5. g4 Bg6 6. h4 h5 7. g5 Nfd7 8. Bd3 Bxd3 9. cxd3 g6 10. Nc3 c6 11. e4 Bg7 12. e5 Nf8 13. Be3 Ne6 14. f4 Bf8 15. Qf3 Ng7 16. Nge2 Nf5 17. Ng3 Nxg3 18. Qxg3 e6 19. O-O Nd7 20. Rfc1 a5 21. Na4 Be7 22. Qf3 O-O 23. Bf2 Nb6 24. Nc5 Qc7 25. Re1 Nd7 26. f5 Nxc5 27. dxc5 exf5 28. e6 Rfe8 29. exf7+ Kxf7 30. d4 Bf8 31. Bg3 Qd7 32. Be5 Re6 33. Re2 Rae8 34. Rae1 Be7 35. Qd3 Bd8 36. Rf1 Kg8 37. Rfe1 Kf7 38. Kg2 Bc7 39. Qg3 Bxe5 40. Rxe5 Rxe5 41. Rxe5 Rxe5 42. Qxe5 Qe7 43. Qh8 Qe2+ 44. Kg1 Qe1+ 45. Kg2 Qe2+ 46. Kg1 Qd1+ 47. Kf2 Qd2+ 48. Kf3 Qd3+ 49. Kf2 Qc2+ 50. Kf3 Qe4+ 51. Kf2 Qxh4+ 52. Ke2 Qg4+ 53. Kd3 Qxg5 54. Qh7+ Ke6 55. Qxb7 Qg3+ 56. Kc2 Qf2+ 57. Kd3 Qf3+ 58. Kd2 Qf4+ 59. Kc2 Qe4+ 60. Kc1 Qxd4 61. Qxc6+ Ke5 62. Qd6+ Ke4 63. c6 Qe3+ 64. Kc2 Qd3+ 65. Kc1 Qf1+ 66. Kd2 Qg2+ 67. Kc3 Qf3+ 68. Kc2 Qd3+ 69. Kc1 Qc4+ 70. Kd2 Qd4+ 71. Kc2 Qc4+ 72. Kd1 Qd3+ 73. Ke1 Qb1+ 74. Kf2 Qxb2+ 75. Kg3 Qc3+ 76. Kh4 Qe1+ 77. Kg5 Qe3+ 78. Kf6 Qb6 79. Kg5 d4 80. Qd7 1-0


[Site "https://www.chess.com"]

[Event "Titled Tuesday Blitz October 11 Early 2022"]
[White "Namitbir Singh Walia"]
[Black "Samant Aditya S"]
[WhiteFideId "35071068"]
[BlackFideId "35080580"]
[WhiteElo "2239"]
[BlackElo "2367"]
[Result "0-1"]
[Round "08"]
[TimeControl "180+1"]
[Date "2022.10.12"]
[WhiteClock "0:00:06"]
[BlackClock "0:00:08"]

1. d4 Nf6 2. c4 e6 3. Nf3 Bb4+ 4. Bd2 c5 5. g3 Qb6 6. Bg2 Nc6 7. dxc5 Bxc5 8. O-O Ne4 9. e3 Qxb2 10. Nd4 Nxd4 11. Bxe4 Qxa1 12. Bc3 Qxa2 13. exd4 Be7 14. Nd2 Qa3 15. Qf3 O-O 16. c5 f5 17. Bc2 Qa6 18. Qe3 Qc6 19. Bb3 Bf6 20. d5 exd5 21. Bb4 Kh8 22. Nf3 a5 23. Ba3 a4 24. Ba2 Qe6 25. Qd2 Qe8 26. Re1 Qh5 27. Bxd5 Ra6 28. Ne5 Re6 29. Bxe6 dxe6 30. c6 Rd8 31. Qe3 bxc6 32. Nxc6 Re8 33. Ne5 Bb7 34. Bd6 Bd5 35. Qc5 Bxe5 36. Bxe5 Qf3 37. Kf1 Qg2+ 38. Ke2 Qe4+ 39. Kf1 Qc4+ 40. Qxc4 Bxc4+ 41. Kg2 Bd5+ 42. f3 Rc8 43. Re2 h6 44. Kf2 a3 45. f4 a2 46. Re1 Kh7 47. h4 g6 48. Ke3 Rc2 49. Kd4 Rc4+ 50. Ke3 Rb4 51. Kd3 Rb3+ 52. Kc2 Rxg3 53. Rc1 Rg4 54. Kb2 Rxh4 55. Rc7+ Kg8 56. Rg7+ Kf8 57. Rxg6 Rh1 58. Rf6+ Ke8 59. Kc2 a1=Q 60. Bxa1 Rxa1 61. Rxh6 Ra2+ 62. Kd3 Ra4 63. Ke3 Re4+ 64. Kd3 Kd7 65. Rh7+ Kd6 66. Rh8 Rxf4 67. Rd8+ Ke5 68. Rh8 Rd4+ 69. Ke2 Bc4+ 70. Ke3 Rd3+ 71. Kf2 Ke4 72. Rh4+ f4 73. Rh6 e5 74. Rh8 Rd2+ 75. Ke1 Ra2 76. Kd1 f3 77. Rc8 Bd3 78. Rf8 Ke3 79. Rf6 Ra1# 0-1


[Site "https://www.chess.com"]

[Event "Titled Tuesday Blitz October 11 Early 2022"]
[White "Orlov, Georgi"]
[Black "Samarth, J Rao"]
[WhiteFideId "2011271"]
[BlackFideId "46652370"]
[WhiteElo "2580"]
[BlackElo "1564"]
[Result "1-0"]
[Round "08"]
[TimeControl "180+1"]
[Date "2022.10.12"]
[WhiteClock "0:00:05"]
[BlackClock "0:00:03"]

1. d4 d5 2. c4 e6 3. Nf3 Nf6 4. g3 Be7 5. Bg2 O-O 6. O-O dxc4 7. Qc2 b5 8. a4 b4 9. Nbd2 Bb7 10. Nxc4 c5 11. Be3 Be4 12. Qd2 Nbd7 13. Rfd1 Bd5 14. Rac1 Bxc4 15. Rxc4 Nb6 16. Rcc1 c4 17. Ne5 Nfd5 18. a5 c3 19. bxc3 bxc3 20. Qa2 Nxe3 21. fxe3 Nd5 22. Nc6 Qd7 23. Bxd5 exd5 24. Qxd5 Bd6 25. Rxc3 Rfe8 26. e4 Qc7 27. Rf1 Rac8 28. e5 Bf8 29. Qf3 Qd7 30. d5 Rc7 31. e4 Rec8 32. Kg2 Qe8 33. Qg4 g6 34. Rcf3 Bg7 35. Qf4 Rd7 36. h4 Rcc7 37. a6 Qc8 38. e6 fxe6 39. dxe6 Rxc6 40. exd7 Qxd7 41. Qb8+ Rc8 42. Qb7 Rc7 43. Qd5+ Qxd5 44. exd5 Rd7 45. Rd3 Be5 46. Rb1 Bd6 47. Rb7 Rd8 48. Rxa7 Bc5 49. Rb7 Rb8 50. d6 Ra8 51. d7 Be7 52. Rc7 Bd8 53. Rc8 Rxa6 54. Rxd8+ Kf7 55. Rh8 g5 56. d8=Q gxh4 57. Qe8+ Kf6 58. Rf8+ Kg5 59. Qe5+ Kh6 60. Qf4+ Kg7 61. Rf7+ Kg8 62. Rd8# 1-0


[Site "https://www.chess.com"]

[Event "Titled Tuesday Blitz October 11 Early 2022"]
[White "Orzech, Dominik"]
[Black "Hardaway, Brewington"]
[WhiteFideId "1115065"]
[BlackFideId "30941849"]
[WhiteElo "2272"]
[BlackElo "2159"]
[Result "1-0"]
[Round "08"]
[TimeControl "180+1"]
[Date "2022.10.12"]
[WhiteClock "0:00:23"]
[BlackClock "0:00:18"]

1. Nf3 Nf6 2. c4 e6 3. Nc3 d5 4. d4 Bb4 5. cxd5 exd5 6. Qa4+ Nc6 7. Bg5 h6 8. Bxf6 Qxf6 9. e3 O-O 10. Be2 Qg6 11. O-O Bh3 12. Ne1 Rae8 13. Qd1 Be6 14. Rc1 Ne7 15. Nd3 Bd6 16. Nb5 Bf5 17. Nxc7 Rc8 18. Nb5 Bb8 19. Ne5 Qe6 20. Nf3 Rxc1 21. Qxc1 Rc8 22. Nc3 Ng6 23. Qd2 a6 24. Rc1 b5 25. Nd1 Rxc1 26. Qxc1 Qd6 27. Qc5 Qd8 28. h3 Ne7 29. Nc3 Bd6 30. Qa7 Bc8 31. Qa8 Kh7 32. Bd3+ g6 33. Ne5 Kg7 34. f4 f6 35. Nc6 Qc7 36. Nxe7 Qxe7 37. Nxd5 Qe6 38. e4 g5 39. f5 Qe8 40. Nb6 Qc6 41. Qxc6 1-0


[Site "https://www.chess.com"]

[Event "Titled Tuesday Blitz October 11 Early 2022"]
[White "Osiecki, Stanislaw"]
[Black "Ismayil, Malak"]
[WhiteFideId "1102990"]
[BlackFideId "13412604"]
[WhiteElo "2088"]
[BlackElo "1879"]
[Result "0-1"]
[Round "08"]
[TimeControl "180+1"]
[Date "2022.10.12"]
[WhiteClock "0:00:01"]
[BlackClock "0:00:09"]

1. e4 e5 2. Nf3 Nc6 3. Bb5 a6 4. Bxc6 dxc6 5. O-O Bd6 6. d4 Qe7 7. dxe5 Bxe5 8. Nxe5 Qxe5 9. f4 Qc5+ 10. Kh1 Ne7 11. Qe2 O-O 12. Be3 Qa5 13. Nd2 Qb4 14. Rab1 Qd6 15. Qf2 f6 16. Rfd1 Qe6 17. a3 b6 18. f5 Qf7 19. Bf4 Ra7 20. Qg3 c5 21. Bxc7 Nxf5 22. exf5 Rxc7 23. Rf1 Bb7 24. Nc4 b5 25. Nd6 Qd5 26. Rbd1 Qc6 27. Nxb7 Rxb7 28. Rd6 Qe4 29. c3 a5 30. h4 Re7 31. h5 Qe2 32. Rf3 Kh8 33. Rdd3 c4 34. Rd4 Rfe8 35. Rg4 Qe1+ 36. Kh2 Qxg3+ 37. Rfxg3 h6 38. Rd4 Kh7 39. Rd5 Re5 40. Rxe5 Rxe5 41. Rf3 Kg8 42. Kg3 Re2 43. Kf4 Rxb2 44. Re3 Rxg2 45. Re8+ Kh7 0-1


[Site "https://www.chess.com"]

[Event "Titled Tuesday Blitz October 11 Early 2022"]
[White "Ozen, Bahadir"]
[Black "Lopez, Henry"]
[WhiteFideId "6337058"]
[BlackFideId "5203830"]
[WhiteElo "2503"]
[BlackElo "2177"]
[Result "1-0"]
[Round "08"]
[TimeControl "180+1"]
[Date "2022.10.12"]
[WhiteClock "0:01:05"]
[BlackClock "0:00:42"]

1. g3 c5 2. Bg2 Nc6 3. Nf3 g6 4. O-O Bg7 5. d3 e5 6. e4 Nge7 7. c3 O-O 8. a3 a5 9. a4 d6 10. Na3 h6 11. Re1 Be6 12. Nb5 Rc8 13. d4 cxd4 14. cxd4 Bc4 15. dxe5 dxe5 16. Nd6 Be6 17. Nxc8 Qxc8 18. Be3 Rd8 19. Qc2 Nb4 20. Qxc8 Rxc8 21. Rac1 Nec6 22. Bf1 Ra8 23. Bc4 Bh3 24. Red1 Bg4 25. Kg2 Re8 26. h3 Bc8 27. Nh4 g5 28. Nf5 Bxf5 29. exf5 Nd4 30. Bxd4 exd4 31. Re1 Rxe1 32. Rxe1 Kf8 33. b3 b6 34. Kf3 Nc2 35. Rc1 d3 36. Bxd3 Nd4+ 37. Ke4 Nxb3 38. Rc8+ Ke7 39. Rc7+ Kd6 40. Rxf7 Nc5+ 41. Ke3 Bb2 42. Bb5 Bc1+ 43. Ke2 Ke5 44. f6 1-0


[Site "https://www.chess.com"]

[Event "Titled Tuesday Blitz October 11 Early 2022"]
[White "Petesch, Gabriel"]
[Black "Antonio, Jorge Carlos"]
[WhiteFideId "2032465"]
[BlackFideId "113190"]
[WhiteElo "2374"]
[BlackElo "2247"]
[Result "1-0"]
[Round "08"]
[TimeControl "180+1"]
[Date "2022.10.12"]
[WhiteClock "0:00:14"]
[BlackClock "0:00:09"]

1. d3 e5 2. f4 Nc6 3. Nf3 d6 4. Nc3 g6 5. g3 Bg7 6. Bg2 Nge7 7. Be3 Nf5 8. Bf2 exf4 9. gxf4 O-O 10. Qd2 Re8 11. h4 h5 12. O-O-O Qe7 13. Nd5 Qd8 14. e4 Nfe7 15. Ne3 d5 16. Ng5 d4 17. Nc4 Bg4 18. Rde1 Qd7 19. Kb1 b5 20. Na3 a6 21. f5 gxf5 22. Rhg1 Ng6 23. Bg3 f4 24. Bxf4 Nxf4 25. Qxf4 Ne5 26. Ka1 c5 27. Nf3 Nxf3 28. Bxf3 f5 29. exf5 Qxf5 30. Qxf5 Bxf5 31. Bxa8 Rxa8 32. Nb1 Bg4 33. Nd2 Rf8 34. Rgf1 Rc8 35. Ne4 c4 36. Nf2 cxd3 37. cxd3 Bf3 38. Rg1 Kh7 39. Re7 Rg8 40. Ne4 Bg4 41. Nf6+ Kh8 42. Nxg8 Kxg8 43. Ra7 Bh6 44. Rxa6 Be3 45. Rf1 Kg7 46. Rb6 Be2 47. Rff6 Bxd3 48. Rfc6 Bc4 49. Rb7+ Kf8 50. Rc8# 1-0


[Site "https://www.chess.com"]

[Event "Titled Tuesday Blitz October 11 Early 2022"]
[White "Piesik, Piotr"]
[Black "Tania, Sachdev"]
[WhiteFideId "1136194"]
[BlackFideId "5007844"]
[WhiteElo "2323"]
[BlackElo "2306"]
[Result "1-0"]
[Round "08"]
[TimeControl "180+1"]
[Date "2022.10.12"]
[WhiteClock "0:01:31"]
[BlackClock "0:00:05"]

1. Nf3 Nf6 2. g3 b6 3. Bg2 Bb7 4. O-O e6 5. c4 c5 6. Nc3 Be7 7. d3 O-O 8. e4 d6 9. Ne1 Nbd7 10. e5 Bxg2 11. exf6 Bxf1 12. fxe7 Qxe7 13. Kxf1 Ne5 14. f4 Nc6 15. Be3 Rad8 16. Qf3 Qc7 17. Nc2 a6 18. b3 Rfe8 19. Rd1 Qb7 20. d4 Na5 21. Qxb7 Nxb7 22. d5 e5 23. fxe5 dxe5 24. g4 Nd6 25. Kg2 f6 26. Kf3 g6 27. Ne4 Rf8 28. Nxd6 Rxd6 29. Ke4 Rdd8 30. Rf1 Kg7 31. Bc1 Rfe8 32. Ne3 h5 33. gxh5 f5+ 34. Kd3 e4+ 35. Ke2 Rg8 36. hxg6 1-0


[Site "https://www.chess.com"]

[Event "Titled Tuesday Blitz October 11 Early 2022"]
[White "Pinheiro, Iung Alicio de O."]
[Black "De Souza, Cristiano Gomes"]
[WhiteFideId "2104350"]
[BlackFideId "2151758"]
[WhiteElo "2283"]
[BlackElo "2068"]
[Result "1-0"]
[Round "08"]
[TimeControl "180+1"]
[Date "2022.10.12"]
[WhiteClock "0:01:10"]
[BlackClock "0:01:24"]

1. e4 c5 2. Nf3 d6 3. Nc3 Nf6 4. e5 dxe5 5. Nxe5 g6 6. Bb5+ Nbd7 7. d4 cxd4 8. Qxd4 Bg7 9. O-O O-O 10. Rd1 a6 11. Bxd7 Nxd7 12. Bf4 Qb6 13. Qe4 Nxe5 14. Bxe5 Bxe5 15. Qxe5 Qxb2 16. Rab1 Qa3 17. Nd5 Qd6 18. Nxe7+ Qxe7 19. Qxe7 b5 20. Rd8 Rxd8 21. Qxd8+ Kg7 22. Qd5 1-0


[Site "https://www.chess.com"]

[Event "Titled Tuesday Blitz October 11 Early 2022"]
[White "Poltorak, Sebastian"]
[Black "Carrasco Miranda, Andres"]
[WhiteFideId "1199498"]
[BlackFideId "3405990"]
[WhiteElo "2232"]
[BlackElo "2183"]
[Result "0-1"]
[Round "08"]
[TimeControl "180+1"]
[Date "2022.10.12"]
[WhiteClock "0:00:49"]
[BlackClock "0:00:36"]

1. a3 g6 2. e4 Bg7 3. Nf3 c5 4. Bc4 Nc6 5. O-O e6 6. Re1 Nge7 7. Nc3 O-O 8. d3 d5 9. Ba2 b6 10. Bg5 h6 11. Bh4 g5 12. Bg3 d4 13. Nb1 Ng6 14. Nbd2 g4 15. Nc4 gxf3 16. Qxf3 Nce5 17. Nxe5 Nxe5 18. Qh5 Qg5 19. Qe2 Ng6 20. Rf1 Nf4 21. Qf3 e5 22. h4 Qf6 23. Rae1 Nh3+ 24. Kh1 Qxf3 25. gxf3 Nf4 26. Bxf4 exf4 27. Rg1 Be6 28. Bxe6 fxe6 29. Rg6 Rf6 30. Rg4 Kh7 31. Reg1 Bh8 32. h5 Rc8 33. Kh2 c4 34. R1g2 cxd3 35. cxd3 Rc7 36. Rg8 Rc5 37. Ra8 Rxh5+ 38. Kg1 Rf7 39. Kf1 Rg5 40. Rxg5 hxg5 41. Ke2 Bf6 42. Re8 Re7 43. Rf8 Kg7 44. Rc8 Be5 45. Kd2 Rc7 46. Ra8 g4 47. fxg4 f3 0-1


[Site "https://www.chess.com"]

[Event "Titled Tuesday Blitz October 11 Early 2022"]
[White "Przybylski, Wojciech"]
[Black "Aizpurua, Patrick Emilio"]
[WhiteFideId "1117599"]
[BlackFideId "6600522"]
[WhiteElo "2221"]
[BlackElo "2378"]
[Result "0-1"]
[Round "08"]
[TimeControl "180+1"]
[Date "2022.10.12"]
[WhiteClock "0:00:02"]
[BlackClock "0:00:36"]

1. e4 e6 2. d4 d5 3. Nc3 Bb4 4. a3 Bxc3+ 5. bxc3 dxe4 6. Qg4 Nf6 7. Qxg7 Rg8 8. Qh6 Rg6 9. Qe3 b6 10. c4 Bb7 11. Qc3 Nc6 12. Ne2 Qd7 13. h3 O-O-O 14. Be3 Na5 15. O-O-O Qa4 16. Nf4 Rgg8 17. Qb4 Qd7 18. Be2 Nc6 19. Qc3 Qe7 20. d5 exd5 21. cxd5 Qe5 22. Qxe5 Nxe5 23. c4 Ba6 24. Bd4 Nfd7 25. d6 c6 26. c5 Bxe2 27. Nxe2 Nd3+ 28. Kc2 bxc5 29. Be3 Rxg2 30. Nc3 f5 31. Ne2 Rf8 32. Rxd3 exd3+ 33. Kxd3 Ne5+ 34. Kc3 c4 35. Nf4 Rgg8 36. Ne6 Rf6 37. Nf4 Rxd6 38. Rb1 Rd7 39. Bd4 Nd3 40. Ne6 c5 41. Be3 f4 42. Nxf4 Nxf4 43. Bxf4 Rd3+ 44. Kxc4 Rd4+ 45. Kxc5 Rxf4 46. Rc1 Kd7 47. Rd1+ Kc7 48. Kb5 Rg5+ 49. Ka6 Ra4# 0-1


[Site "https://www.chess.com"]

[Event "Titled Tuesday Blitz October 11 Early 2022"]
[White "Remizov, Yaroslav"]
[Black "Borgaonkar Akshay"]
[WhiteFideId "34134015"]
[BlackFideId "25639110"]
[WhiteElo "2417"]
[BlackElo "2063"]
[Result "1/2-1/2"]
[Round "08"]
[TimeControl "180+1"]
[Date "2022.10.12"]
[WhiteClock "0:00:32"]
[BlackClock "0:00:19"]

1. e4 c5 2. Nc3 e6 3. Nf3 Nc6 4. Bb5 Nd4 5. Bc4 a6 6. d3 b5 7. Bb3 Nxf3+ 8. Qxf3 Bb7 9. O-O Nf6 10. Qg3 Rc8 11. e5 Nh5 12. Qg4 g6 13. a4 b4 14. Ne4 Be7 15. Bh6 Bxe4 16. Qxe4 Bf8 17. Be3 Ng7 18. Qb7 Nf5 19. Qxa6 Rc6 20. Qc4 d5 21. exd6 Bxd6 22. a5 O-O 23. a6 Nxe3 24. fxe3 Qg5 25. a7 Qxe3+ 26. Kh1 Qe5 27. g3 Rcc8 28. Rae1 Qh5 29. Rxf7 Rxf7 30. Qxe6 Qf3+ 31. Kg1 Qf2+ 32. Kh1 Qf3+ 33. Kg1 Qf2+ 34. Kh1 Qf3+ 1/2-1/2


[Site "https://www.chess.com"]

[Event "Titled Tuesday Blitz October 11 Early 2022"]
[White "Rosen, Eric"]
[Black "Tristan, Leonardo"]
[WhiteFideId "2032562"]
[BlackFideId "113816"]
[WhiteElo "2362"]
[BlackElo "2446"]
[Result "1-0"]
[Round "08"]
[TimeControl "180+1"]
[Date "2022.10.11"]
[WhiteClock "0:00:10"]
[BlackClock "0:00:04"]

1. d4 d5 2. Bf4 Nf6 3. e3 e6 4. Nf3 Bd6 5. Ne5 O-O 6. Nd2 b6 7. h4 c5 8. c3 Qc7 9. h5 h6 10. Qf3 Nc6 11. Qg3 Ne8 12. Bd3 f6 13. Nxc6 Bxf4 14. exf4 Qxc6 15. Nf3 Nd6 16. O-O-O Ne4 17. Qg6 Bd7 18. Rhe1 Be8 19. Bxe4 Bxg6 20. Bxg6 Rfd8 21. Re3 Kf8 22. Rde1 Rd6 23. f5 Re8 24. Bxe8 Kxe8 25. fxe6 a5 26. Kb1 Qb5 27. Nh4 cxd4 28. cxd4 Rc6 29. Nf5 Qb4 30. e7 Rc8 31. Nxg7+ Kf7 32. e8=Q+ Rxe8 33. Nxe8 Qxd4 34. Nd6+ 1-0


[Site "https://www.chess.com"]

[Event "Titled Tuesday Blitz October 11 Early 2022"]
[White "Salman, Pavel"]
[Black "Mirzoev, Azer"]
[WhiteFideId "24153753"]
[BlackFideId "13400304"]
[WhiteElo "2187"]
[BlackElo "2525"]
[Result "1/2-1/2"]
[Round "08"]
[TimeControl "180+1"]
[Date "2022.10.12"]
[WhiteClock "0:00:04"]
[BlackClock "0:00:01"]

1. Nf3 c5 2. g3 Nc6 3. Bg2 g6 4. O-O Bg7 5. d3 Nf6 6. e4 d6 7. Nbd2 O-O 8. Re1 Rb8 9. a4 Nd7 10. c3 a6 11. Nf1 b5 12. axb5 axb5 13. d4 b4 14. Bf4 bxc3 15. bxc3 cxd4 16. cxd4 Rb4 17. e5 dxe5 18. dxe5 Nb6 19. Ne3 Bb7 20. Qxd8 Rxd8 21. Reb1 Ra8 22. Rxa8+ Bxa8 23. Ra1 h6 24. h4 Bb7 25. Rd1 Kh7 26. Nc2 Rb2 27. Ncd4 Nxd4 28. Rxd4 e6 29. Rd8 Nd5 30. Rb8 Rb6 31. Nd4 Ba6 32. Rxb6 Nxb6 33. Nc6 Nc4 34. Bf1 Bb5 35. Nd8 Kg8 36. Nb7 Na3 37. Nd6 Bxf1 38. Kxf1 Bf8 39. Ne4 Nb5 40. Nf6+ Kg7 41. Ne8+ Kh8 42. Ke2 Nd4+ 43. Ke3 Nf5+ 44. Ke4 h5 45. Nf6 Bc5 46. f3 Bf2 47. g4 hxg4 48. fxg4 Nxh4 49. Ne8 Kg8 50. Bh6 Be1 51. Nf6+ Kh8 52. Bg5 Ng2 53. Ne8 Bh4 54. Bf6+ Kg8 55. Kf3 Ne1+ 56. Ke2 Ng2 57. Kf3 Ne1+ 58. Ke2 Ng2 59. Kf1 Ne3+ 60. Ke2 Ng2 1/2-1/2


[Site "https://www.chess.com"]

[Event "Titled Tuesday Blitz October 11 Early 2022"]
[White "Samaganova, Aleksandra"]
[Black "Bilan, Danila"]
[WhiteFideId "13800221"]
[BlackFideId "24161918"]
[WhiteElo "1864"]
[BlackElo "2203"]
[Result "1-0"]
[Round "08"]
[TimeControl "180+1"]
[Date "2022.10.12"]
[WhiteClock "0:00:04"]
[BlackClock "0:00:06"]

1. c4 c6 2. Nf3 d5 3. e3 Nf6 4. Nc3 e6 5. d4 Nbd7 6. Bd3 Bd6 7. O-O O-O 8. e4 dxc4 9. Bxc4 e5 10. d5 Qc7 11. dxc6 bxc6 12. h3 Nc5 13. Qc2 Be6 14. Be2 a5 15. Rd1 Nh5 16. Be3 Nf4 17. Bf1 f6 18. Rac1 Qe7 19. b3 Rfc8 20. Nd2 Qf7 21. Nc4 Bf8 22. Nb6 Qg6 23. Bxf4 exf4 24. f3 Bxh3 25. Nxa8 Rxa8 26. Ne2 Ne6 27. Nd4 Bc5 28. Bc4 Kh8 29. Bxe6 Bxd4+ 30. Rxd4 Bxe6 31. Qxc6 Re8 32. Rcd1 h5 33. Qc5 Rd8 34. Rxd8+ Kh7 35. R8d2 h4 36. Qf2 Qg5 37. Kf1 h3 38. Ke2 hxg2 39. Rg1 Bh3 40. Ke1 Qb5 41. Rxg2 Bxg2 42. Qxg2 Qb4 43. Qh2+ Kg8 44. Qxf4 Qd4 45. Rxd4 1-0


[Site "https://www.chess.com"]

[Event "Titled Tuesday Blitz October 11 Early 2022"]
[White "Sanchez, Robert"]
[Black "Terzi, Alexei"]
[WhiteFideId "2034360"]
[BlackFideId "13505076"]
[WhiteElo "2413"]
[BlackElo "2172"]
[Result "1-0"]
[Round "08"]
[TimeControl "180+1"]
[Date "2022.10.12"]
[WhiteClock "0:00:04"]
[BlackClock "0:00:07"]

1. e4 e6 2. d4 d5 3. Nd2 c5 4. Ngf3 Nc6 5. dxc5 Bxc5 6. Bd3 Nf6 7. O-O Nb4 8. e5 Ng8 9. Be2 Ne7 10. Nb3 Bb6 11. a3 Nbc6 12. Bd3 Ng6 13. Re1 Qc7 14. Qe2 Bd7 15. h4 Nge7 16. Bf4 O-O-O 17. c3 h6 18. Nbd4 Nxd4 19. cxd4 Kb8 20. b4 Ba4 21. Rec1 Qd7 22. b5 Rc8 23. Qb2 Rxc1+ 24. Rxc1 Rc8 25. Re1 Ba5 26. Rc1 Rxc1+ 27. Bxc1 Nc8 28. Bd2 Qc7 29. Kh2 Bd1 30. Ne1 Bxd2 31. Qxd2 Bb3 32. Qb4 Bc4 33. a4 Qe7 34. Qc3 Qxh4+ 35. Kg1 Nb6 36. a5 Nd7 37. Bxc4 dxc4 38. Qxc4 Nxe5 39. Qc5 Nd7 40. Qd6+ Kc8 41. b6 axb6 42. axb6 Qd8 43. d5 Qxb6 44. Qe7 exd5 45. Qxf7 Qf6 46. Qxd5 Qe5 47. Qg8+ Kc7 48. Nf3 Qa1+ 49. Kh2 Qf6 50. Qc4+ Qc6 51. Qg4 Qd6+ 52. g3 g5 53. Qf5 Nc5 54. Ne5 Ne6 55. Qf7+ Kb8 56. Qf6 Qa6 57. Nd7+ Ka7 58. Qe5 Nd8 59. Qb8# 1-0


[Site "https://www.chess.com"]

[Event "Titled Tuesday Blitz October 11 Early 2022"]
[White "Sarana, Alexey"]
[Black "Malek, Jan"]
[WhiteFideId "24133795"]
[BlackFideId "21864080"]
[WhiteElo "2689"]
[BlackElo "2255"]
[Result "1-0"]
[Round "08"]
[TimeControl "180+1"]
[Date "2022.10.11"]
[WhiteClock "0:01:52"]
[BlackClock "0:00:29"]

1. c4 Nf6 2. Nc3 e5 3. Nf3 Nc6 4. g3 Bc5 5. Bg2 d6 6. O-O O-O 7. e3 a5 8. d4 Ba7 9. h3 Re8 10. b3 Bf5 11. Bb2 Qd7 12. dxe5 dxe5 13. g4 Be6 14. Qxd7 Nxd7 15. Ng5 Nc5 16. Rfd1 Rad8 17. Nxe6 fxe6 18. Nb5 Bb6 19. Bc3 Rf8 20. Rxd8 Rxd8 21. Kf1 a4 22. b4 Na6 23. a3 Rb8 24. c5 Na7 25. Nxa7 Bxa7 26. Bxe5 b6 27. c6 b5 28. Rd1 Bb6 29. Ke2 Rf8 30. Rd7 Rf7 31. Be4 g6 32. Rd8+ Rf8 33. Rxf8+ Kxf8 34. Bd3 1-0


[Site "https://www.chess.com"]

[Event "Titled Tuesday Blitz October 11 Early 2022"]
[White "Sargsyan, Anna M."]
[Black "Haitin, Ilja"]
[WhiteFideId "13308130"]
[BlackFideId "4501764"]
[WhiteElo "2284"]
[BlackElo "2221"]
[Result "1-0"]
[Round "08"]
[TimeControl "180+1"]
[Date "2022.10.12"]
[WhiteClock "0:00:31"]
[BlackClock "0:00:03"]

1. d4 Nf6 2. c4 e6 3. Nf3 Bb4+ 4. Bd2 Qe7 5. Nc3 Nc6 6. e3 d6 7. Bd3 O-O 8. O-O Bxc3 9. Bxc3 e5 10. dxe5 dxe5 11. Be2 Bf5 12. Qb3 b6 13. h3 Rad8 14. Rad1 Ne4 15. Be1 Nc5 16. Qa3 Rxd1 17. Bxd1 Bd3 18. b4 Bxf1 19. Kxf1 Ne4 20. Qb2 f6 21. Bc2 Nd6 22. Ba4 Nb8 23. c5 Nf7 24. Qc2 Rd8 25. Bb5 a6 26. Bd3 Rxd3 27. Qxd3 e4 28. Qd5 exf3 29. gxf3 bxc5 30. Qa8 Qd8 31. bxc5 Ne5 32. f4 Nec6 33. Qb7 Qd3+ 34. Kg2 Qd7 35. Bc3 h5 36. a4 Qd5+ 37. Kh2 Qxc5 38. Be1 Qd5 39. Qxc7 Qd1 40. Qc8+ Kh7 41. Qf5+ Kg8 42. Bc3 Qd7 43. Qc5 Qe7 44. Qxh5 Qf7 45. Qc5 Qe7 46. Qb6 Qd7 47. a5 Qe7 48. Bd2 Qa7 49. Qb3+ Qf7 50. Qb6 Qd5 51. Bc1 Qf3 52. Qb3+ Kh7 53. Qc2+ g6 54. Bb2 Nd7 55. Qd2 1-0


[Site "https://www.chess.com"]

[Event "Titled Tuesday Blitz October 11 Early 2022"]
[White "Schut, Han"]
[Black "Glavina, Pablo"]
[WhiteFideId "1005561"]
[BlackFideId "100234"]
[WhiteElo "2024"]
[BlackElo "2351"]
[Result "0-1"]
[Round "08"]
[TimeControl "180+1"]
[Date "2022.10.12"]
[WhiteClock "0:00:07"]
[BlackClock "0:00:10"]

1. e4 c5 2. Nf3 d6 3. d4 cxd4 4. Nxd4 Nf6 5. f3 e5 6. Bb5+ Bd7 7. Bxd7+ Qxd7 8. Nf5 d5 9. Bg5 dxe4 10. Bxf6 Qxd1+ 11. Kxd1 gxf6 12. fxe4 Nc6 13. c3 O-O-O+ 14. Kc2 Rg8 15. g3 Ne7 16. Rf1 Nxf5 17. Rxf5 Be7 18. Nd2 Rg5 19. Rf2 h5 20. Nf3 Rg4 21. Re2 Rd6 22. Nh4 Kd7 23. Nf5 Rc6 24. b3 Bb4 25. Rd1+ Ke6 26. Rd3 a5 27. h3 Rxe4 28. Rxe4 Kxf5 29. Rh4 e4 30. Rd5+ Ke6 31. Rhxh5 Rxc3+ 32. Kd1 Rxg3 33. Rb5 Rd3+ 34. Ke2 Rd2+ 35. Ke3 f5 36. Rb6+ Rd6 37. Rxd6+ Bxd6 38. h4 Ke5 39. Rh8 Bc5+ 40. Ke2 f4 41. h5 f3+ 42. Kf1 e3 43. Re8+ Kf4 44. h6 e2+ 45. Rxe2 fxe2+ 46. Kxe2 Bd4 47. h7 Bh8 48. Kd3 Ke5 49. a3 Kd6 50. b4 axb4 51. axb4 Kc6 52. Ke4 Kb5 53. Kf5 Kxb4 0-1


[Site "https://www.chess.com"]

[Event "Titled Tuesday Blitz October 11 Early 2022"]
[White "Seletsky, Grigory"]
[Black "Martin Carmona, Gaston Manuel"]
[WhiteFideId "14112191"]
[BlackFideId "22284567"]
[WhiteElo "2492"]
[BlackElo "2235"]
[Result "0-1"]
[Round "08"]
[TimeControl "180+1"]
[Date "2022.10.12"]
[WhiteClock "0:00:01"]
[BlackClock "0:00:06"]

1. e4 e5 2. Nf3 Nc6 3. Bb5 Nf6 4. O-O Nxe4 5. d4 Nd6 6. Bxc6 dxc6 7. dxe5 Nf5 8. Qxd8+ Kxd8 9. Rd1+ Ke8 10. Nc3 Be7 11. h3 h5 12. Ne4 Nh4 13. Nxh4 Bxh4 14. Bg5 Bxg5 15. Nxg5 Bf5 16. Rd2 Ke7 17. f4 h4 18. Rad1 c5 19. Kf2 b6 20. Ke3 f6 21. Nf3 a5 22. a4 Rab8 23. c4 Be6 24. b3 Bf5 25. Kf2 Rbd8 26. exf6+ gxf6 27. Re1+ Kf7 28. Rxd8 Rxd8 29. Nxh4 Bc2 30. Re3 Rd2+ 31. Kg3 Bd1 32. f5 Rb2 33. Kf4 Rxb3 34. Rxb3 Bxb3 35. Nf3 Bxa4 36. g4 Bc6 37. Nd2 a4 38. Nb1 Bd7 39. h4 c6 40. g5 fxg5+ 41. hxg5 b5 42. Ke5 b4 43. Nd2 a3 44. Nb3 Bc8 45. Nxc5 a2 46. Nb3 Ba6 47. g6+ Kg7 48. Kd4 Bc8 49. Kc5 Bxf5 0-1


[Site "https://www.chess.com"]

[Event "Titled Tuesday Blitz October 11 Early 2022"]
[White "Sernecki, Franciszek"]
[Black "Harsh Suresh"]
[WhiteFideId "1169297"]
[BlackFideId "45018464"]
[WhiteElo "2209"]
[BlackElo "2180"]
[Result "1-0"]
[Round "08"]
[TimeControl "180+1"]
[Date "2022.10.12"]
[WhiteClock "0:00:24"]
[BlackClock "0:00:13"]

1. c4 g6 2. Nc3 Bg7 3. g3 d6 4. Bg2 c5 5. e4 Nc6 6. Nge2 Nf6 7. O-O O-O 8. d3 h5 9. a3 h4 10. f4 h3 11. Bf3 Bg4 12. Bxg4 Nxg4 13. Kh1 Qd7 14. Nd5 Rab8 15. a4 b6 16. Rb1 a6 17. b4 b5 18. axb5 axb5 19. bxc5 bxc4 20. Rxb8 Rxb8 21. dxc4 dxc5 22. Ng1 Qe6 23. e5 Nh6 24. Be3 Na5 25. Qa4 Nb3 26. Rb1 Rb4 27. Nxb4 Qxc4 28. Qa8+ Kh7 29. Qd5 Qxb4 30. Rxb3 Qe1 31. Bxc5 Ng4 32. Qf3 f5 33. exf6 Nxf6 34. Re3 Qc1 35. Bxe7 Nd5 36. Re2 Bd4 37. Rf2 Ne3 38. g4 Nxg4 39. Qxh3+ Kg7 40. Qxg4 Bxf2 41. f5 Qxg1+ 42. Qxg1 Bxg1 43. Kxg1 gxf5 44. Kg2 Kg6 45. Bd6 Kh5 46. Kf3 Kh4 47. Bf4 Kh3 48. Bg3 f4 49. Kxf4 Kg2 50. Kg4 Kf1 51. h4 Ke2 52. h5 Kd3 53. h6 Ke4 54. h7 Kd5 55. h8=Q Ke6 56. Qe5+ Kf7 57. Qd6 Kg7 58. Kg5 Kg8 59. Qd7 Kh8 60. Kg6 Kg8 61. Qe8# 1-0


[Site "https://www.chess.com"]